3AAA
HIALEAH DODOS @ SIOUX FALLS RED PANDAS
05/27/2025
 
TOP OF THE 1ST
Hialeah Dodos batting - Pitching for Sioux Falls Red Pandas : RHP Mario González
Pitching: RHP Mario González
Batting: RHB Diego Bonilla 0-0: Called Strike
0-1: Swinging Strike
0-2: Foul Ball, location: 2F
0-2: Foul Ball, location: 2F
0-2: Foul Ball, location: 2F
0-2: Ball
1-2: Strikes out swinging
Batting: RHB Craig Stewart 0-0: Swinging Strike
0-1: Called Strike
0-2: Foul Ball, location: 2F
0-2: Foul Ball, location: 2F
0-2: Ball
1-2: Ball
2-2: Ground out 1-3 (Groundball, 13S)
Batting: LHB Perry Bothof 0-0: Ball
1-0: Foul Ball, location: 2F
1-1: Swinging Strike
1-2: Ball
2-2: Fly out, F9 (Line Drive, 9)
Top of the 1st over - 0 run(s), 0 hit(s), 0 error(s), 0 left on base; Hialeah 0 - Sioux Falls 0
BOTTOM OF THE 1ST
Sioux Falls Red Pandas batting - Pitching for Hialeah Dodos : RHP Huai-yu Kan
Pitching: RHP Huai-yu Kan
Batting: LHB Chris Etheridge 0-0: Called Strike
0-1: Fly out, F7 (Flyball, 7LS)
Batting: RHB Jesús Vásquez 0-0: Ball
1-0: Swinging Strike
1-1: Ball
2-1: SINGLE (Line Drive, 56)
Batting: RHB Mario Piña 0-0: Called Strike
0-1: Grounds into double play, 6-4-3 (Groundball, 6)
Bottom of the 1st over - 0 run(s), 1 hit(s), 0 error(s), 0 left on base; Hialeah 0 - Sioux Falls 0
TOP OF THE 2ND
Hialeah Dodos batting - Pitching for Sioux Falls Red Pandas : RHP Mario González
Batting: LHB Scott Janousek 0-0: Fly out, F7 (Flyball, 7LS)
Batting: SHB Vincente Ybarra 0-0: Called Strike
0-1: Ball
1-1: Ball
2-1: Fly out, F9 (Flyball, 9)
Batting: RHB Lorenzo Ramírez 0-0: SINGLE (Groundball, 6MD)
Batting: LHB Errol Levick 0-0: Ball
1-0: Called Strike
1-1: Ball
2-1: Ball
3-1: Called Strike
3-2: Foul Ball, location: 2F
3-2: Strikes out swinging
Top of the 2nd over - 0 run(s), 1 hit(s), 0 error(s), 1 left on base; Hialeah 0 - Sioux Falls 0
BOTTOM OF THE 2ND
Sioux Falls Red Pandas batting - Pitching for Hialeah Dodos : RHP Huai-yu Kan
Batting: LHB Magali Lenidas 0-0: Foul Ball, location: 2F
0-1: Ball
1-1: Ball
2-1: Ball
3-1: Fly out, F8 (Line Drive, 78D)
Batting: RHB Miguel Rodríguez 0-0: Foul Ball, location: 2F
0-1: Ball
1-1: Ball
2-1: Ball
3-1: Swinging Strike
3-2: Fly out, F9 (Flyball, 9)
Batting: SHB Todd Hill 0-0: Ball
1-0: Foul Ball, location: 2F
1-1: Foul Ball, location: 2F
1-2: Fly out, F8 (Flyball, 8RD)
Bottom of the 2nd over - 0 run(s), 0 hit(s), 0 error(s), 0 left on base; Hialeah 0 - Sioux Falls 0
TOP OF THE 3RD
Hialeah Dodos batting - Pitching for Sioux Falls Red Pandas : RHP Mario González
Batting: RHB Vincente Rotham 0-0: Fly out, F9 (Flyball, 9D)
Batting: RHB Alexis Smeddon 0-0: Ground out 5-3 (Groundball, 5S)
Batting: RHB Diego Bonilla 0-0: Called Strike
0-1: Called Strike
0-2: SINGLE (Groundball, 34D)
Batting: RHB Craig Stewart 0-0: Called Strike
Diego Bonilla is caught stealing 2nd base
Top of the 3rd over - 0 run(s), 1 hit(s), 0 error(s), 0 left on base; Hialeah 0 - Sioux Falls 0
BOTTOM OF THE 3RD
Sioux Falls Red Pandas batting - Pitching for Hialeah Dodos : RHP Huai-yu Kan
Batting: LHB Mike Blue 0-0: Ball
1-0: Called Strike
1-1: Reached on error, E3 (Groundball, 34)
Batting: LHB Steve Grimes 0-0: Ball
1-0: Foul Ball, location: 2F
1-1: Ball
2-1: Ball
3-1: Grounds into double play, 3-6-3 (Groundball, 3)
Batting: RHB Jonathan Widdop 0-0: Called Strike
0-1: Ball
1-1: Ground out 4-3 (Groundball, 4)
Bottom of the 3rd over - 0 run(s), 0 hit(s), 1 error(s), 0 left on base; Hialeah 0 - Sioux Falls 0
TOP OF THE 4TH
Hialeah Dodos batting - Pitching for Sioux Falls Red Pandas : RHP Mario González
Batting: RHB Craig Stewart 0-0: Called Strike
0-1: Called Strike
0-2: Ball
1-2: SINGLE (Line Drive, 78S)
Batting: LHB Perry Bothof 0-0: Foul Ball, location: 2F
0-1: Called Strike
0-2: Ball
1-2: Ball
2-2: Foul Ball, location: 2F
2-2: Grounds into double play, 4-6-3 (Groundball, 4D)
Batting: LHB Scott Janousek 0-0: Ball
1-0: Called Strike
1-1: Ball
2-1: Ball
3-1: Base on Balls
Batting: SHB Vincente Ybarra Pickoff Throw to First - Error! E1
Scott Janousek to second
0-0: Ball
1-0: Ball
2-0: Ball
3-0: Base on Balls
Batting: RHB Lorenzo Ramírez 0-0: Ball
1-0: Ball
2-0: Swinging Strike
2-1: Fly out, F8 (Line Drive, 78M)
Top of the 4th over - 0 run(s), 1 hit(s), 1 error(s), 2 left on base; Hialeah 0 - Sioux Falls 0
BOTTOM OF THE 4TH
Sioux Falls Red Pandas batting - Pitching for Hialeah Dodos : RHP Huai-yu Kan
Batting: LHB Chris Etheridge 0-0: Ball
1-0: Ground out 3-1 (Groundball, 34S)
Batting: RHB Jesús Vásquez 0-0: Ball
1-0: Ball
2-0: Called Strike
2-1: Ball
3-1: Swinging Strike
3-2: Foul Ball, location: 2F
3-2: Base on Balls
Batting: RHB Mario Piña 0-0: Ball
1-0: Fly out, F7 (Flyball, 7)
Batting: LHB Magali Lenidas 0-0: Ground out U3 (Groundball, 3)
Bottom of the 4th over - 0 run(s), 0 hit(s), 0 error(s), 1 left on base; Hialeah 0 - Sioux Falls 0
TOP OF THE 5TH
Hialeah Dodos batting - Pitching for Sioux Falls Red Pandas : RHP Mario González
Batting: LHB Errol Levick 0-0: Called Strike
0-1: Foul Ball, location: 2F
0-2: Strikes out swinging
Batting: RHB Vincente Rotham 0-0: Ball
1-0: Ball
2-0: Called Strike
2-1: Ball
3-1: Base on Balls
Batting: RHB Alexis Smeddon 0-0: Ball
1-0: Ball
2-0: Ball
3-0: Foul Ball, location: 2F
3-1: Fielders Choice at 2nd, 4-6 (Groundball, 34)
Pitching: RHP Javier Castillo
Batting: RHB Diego Bonilla 0-0: Ball
1-0: Ball
2-0: 2-RUN HOME RUN (Flyball, 7D), Distance : 424 ft
Batting: RHB Craig Stewart 0-0: Ball
1-0: Ball
2-0: Foul Ball, location: 2F
2-1: Ball
3-1: Single, Error in OF, E8, batter to second base
Batting: LHB Perry Bothof 0-0: Ball
1-0: Swinging Strike
1-1: Swinging Strike
1-2: Ball
2-2: Ball
3-2: Foul Ball, location: 2F
3-2: Base on Balls
Pitching: RHP Esteban Ruíz
Batting: LHB Scott Janousek 0-0: Called Strike
0-1: Fly out, F2 (Popup, 56S)
Top of the 5th over - 2 run(s), 2 hit(s), 1 error(s), 2 left on base; Hialeah 2 - Sioux Falls 0
BOTTOM OF THE 5TH
Sioux Falls Red Pandas batting - Pitching for Hialeah Dodos : RHP Huai-yu Kan
Batting: RHB Miguel Rodríguez 0-0: Ball
1-0: Ball
2-0: Ball
3-0: Called Strike
3-1: Foul Ball, location: 2F
3-2: Foul Ball, location: 2F
3-2: DOUBLE (Line Drive, 78XD)
Batting: SHB Todd Hill 0-0: Ball
1-0: Swinging Strike
1-1: Ball
2-1: Ball
3-1: Fly out, F7 (Flyball, 78S)
Batting: LHB Mike Blue 0-0: Ball
1-0: Swinging Strike
1-1: Foul Ball, location: 2F
1-2: Foul Ball, location: 2F
1-2: Ground out 6-3 (Groundball, 6)
Batting: LHB Steve Grimes 0-0: Ball
1-0: Foul Ball, location: 2F
1-1: Ball
2-1: Swinging Strike
2-2: Ball
3-2: Ground out 1-3 (Groundball, 13)
Bottom of the 5th over - 0 run(s), 1 hit(s), 0 error(s), 1 left on base; Hialeah 2 - Sioux Falls 0
TOP OF THE 6TH
Hialeah Dodos batting - Pitching for Sioux Falls Red Pandas : RHP Esteban Ruíz
Batting: SHB Vincente Ybarra 0-0: Ball
1-0: Ball
2-0: Called Strike
2-1: Called Strike
2-2: Ball
3-2: Foul Ball, location: 2F
3-2: Base on Balls
Batting: RHB Lorenzo Ramírez 0-0: Called Strike
0-1: Bunted foul
0-2: Ball
1-2: Ball
2-2: Ball
3-2: Foul Ball, location: 2F
3-2: Base on Balls
Vincente Ybarra to second
Pitching: RHP Jesús Rivera
Batting: LHB Errol Levick 0-0: Bunt missed!
0-1: Sac Bunt - play at first, batter OUT! 1-4
Vincente Ybarra to third
Lorenzo Ramírez to second
Batting: RHB Vincente Rotham 0-0: Ball
1-0: Ground out 4-3 (Groundball, 34)
Vincente Ybarra scores
Lorenzo Ramírez to third
Batting: RHB Alexis Smeddon 0-0: Ball
1-0: Ball
2-0: Ball
3-0: Called Strike
3-1: Base on Balls
Pitching: RHP Serafino Abreu
Batting: RHB Diego Bonilla 0-0: Ball
1-0: Ball
2-0: Fielders Choice at 2nd, 4-6 (Groundball, 4)
Top of the 6th over - 1 run(s), 0 hit(s), 0 error(s), 1 left on base; Hialeah 3 - Sioux Falls 0
BOTTOM OF THE 6TH
Sioux Falls Red Pandas batting - Pitching for Hialeah Dodos : RHP Huai-yu Kan
Batting: RHB Jonathan Widdop 0-0: Ball
1-0: Ball
2-0: Ball
3-0: Base on Balls
Batting: LHB Chris Etheridge 0-0: Ball
1-0: Ball
2-0: Ball
3-0: Base on Balls
Jonathan Widdop to second
Batting: RHB Jesús Vásquez 0-0: Ball
1-0: Ball
2-0: Foul Ball, location: 2F
2-1: Grounds into double play, 6-4-3 (Groundball, 6)
Jonathan Widdop to third
Batting: RHB Mario Piña 0-0: SINGLE (Groundball, 6MD)
Jonathan Widdop scores
Batting: LHB Magali Lenidas 0-0: Called Strike
Mario Piña steals 2nd base
0-1: Foul Ball, location: 2F
0-2: Foul Ball, location: 2F
0-2: Foul Ball, location: 2F
0-2: Fly out, F7 (Flyball, 7LDF)
Bottom of the 6th over - 1 run(s), 1 hit(s), 0 error(s), 1 left on base; Hialeah 3 - Sioux Falls 1
TOP OF THE 7TH
Hialeah Dodos batting - Pitching for Sioux Falls Red Pandas : RHP Serafino Abreu
Batting: RHB Craig Stewart 0-0: Ball
1-0: Called Strike
1-1: Fly out, F9 (Flyball, 9S)
Batting: LHB Perry Bothof 0-0: Ball
1-0: Foul Ball, location: 2F
1-1: Ball
2-1: Swinging Strike
2-2: Strikes out swinging
Batting: LHB Scott Janousek 0-0: Ball
1-0: Ground out 6-3 (Groundball, 6M)
Top of the 7th over - 0 run(s), 0 hit(s), 0 error(s), 0 left on base; Hialeah 3 - Sioux Falls 1
BOTTOM OF THE 7TH
Sioux Falls Red Pandas batting - Pitching for Hialeah Dodos : RHP Huai-yu Kan
Batting: RHB Miguel Rodríguez 0-0: Foul Ball, location: 2F
0-1: Called Strike
0-2: Foul Ball, location: 2F
0-2: Ball
1-2: Fly out, F8 (Flyball, 8LM)
Batting: SHB Todd Hill 0-0: Ball
1-0: Ball
2-0: Called Strike
2-1: Ball
3-1: SINGLE (Line Drive, 8RS)
Batting: LHB Mike Blue 0-0: Foul Ball, location: 2F
0-1: DOUBLE (Groundball, 3L)
Todd Hill to third
Batting: LHB Steve Grimes 0-0: Ball
1-0: Foul Ball, location: 2F
1-1: Ball
2-1: Foul Ball, location: 2F
2-2: Foul Ball, location: 2F
2-2: Ball
3-2: Foul Ball, location: 2F
3-2: Strikes out swinging
Pitching: LHP Jim Unknown
Batting: RHB Jonathan Widdop 0-0: Called Strike
0-1: Swinging Strike
0-2: Ball
1-2: Ball
2-2: Strikes out looking
Bottom of the 7th over - 0 run(s), 2 hit(s), 0 error(s), 2 left on base; Hialeah 3 - Sioux Falls 1
TOP OF THE 8TH
Hialeah Dodos batting - Pitching for Sioux Falls Red Pandas : RHP Serafino Abreu
Batting: SHB Vincente Ybarra 0-0: Called Strike
0-1: Ball
1-1: Ground out 4-3 (Groundball, 34)
Batting: RHB Lorenzo Ramírez 0-0: SINGLE (Line Drive, 7LS)
Batting: LHB Errol Levick 0-0: Ball
1-0: Swinging Strike
1-1: Called Strike
1-2: Ball
2-2: Ball
3-2: Base on Balls
Lorenzo Ramírez to second
Pinch Hitting: LHB Alfonso Núñez 0-0: Ball
1-0: Ball
2-0: Ball
3-0: Called Strike
3-1: Called Strike
3-2: Foul Ball, location: 2F
3-2: Foul Ball, location: 2F
3-2: Foul Ball, location: 2F
3-2: Base on Balls
Lorenzo Ramírez to third
Errol Levick to second
Pitching: RHP José Juárez
Batting: RHB Alexis Smeddon 0-0: Ball
1-0: Ball
2-0: Ball
3-0: Base on Balls
Lorenzo Ramírez scores
Errol Levick to third
Alfonso Núñez to second
Batting: RHB Diego Bonilla 0-0: Ball
1-0: Called Strike
1-1: SINGLE (Groundball, 56D)
Errol Levick scores
Alfonso Núñez to third
Alexis Smeddon to second
Batting: RHB Craig Stewart 0-0: Ball
1-0: Swinging Strike
1-1: Called Strike
1-2: Ball
2-2: Foul Ball, location: 2F
2-2: Fly out, F8 (Flyball, 8RM)
Batting: LHB Perry Bothof 0-0: Ball
1-0: Ball
2-0: Ball
3-0: Called Strike
3-1: Base on Balls
Alfonso Núñez scores
Alexis Smeddon to third
Diego Bonilla to second
Batting: LHB Scott Janousek 0-0: Ball
1-0: Ball
2-0: Called Strike
2-1: SINGLE (Groundball, 34D)
Alexis Smeddon scores
Diego Bonilla to third
Perry Bothof to second
Runner from 3rd tries for Home, SAFE, throw made at trailing runner, SAFE at third!
Batting: SHB Vincente Ybarra 0-0: Ball
1-0: Foul Ball, location: 2F
1-1: Swinging Strike
1-2: Ball
2-2: Foul Ball, location: 2F
2-2: Foul Ball, location: 2F
2-2: Foul Ball, location: 2F
2-2: Ball
3-2: Base on Balls
Scott Janousek to second
Pitching: RHP Steve Bryan
Batting: RHB Lorenzo Ramírez 0-0: Foul Ball, location: 2F
0-1: Fly out, F8 (Line Drive, 8RM)
Top of the 8th over - 5 run(s), 3 hit(s), 0 error(s), 3 left on base; Hialeah 8 - Sioux Falls 1
BOTTOM OF THE 8TH
Sioux Falls Red Pandas batting - Pitching for Hialeah Dodos : LHP Jim Unknown
Now at 1B: Ji-chol Yang
Now at SS: Zander Bailey
Batting: LHB Chris Etheridge 0-0: Called Strike
0-1: Foul Ball, location: 2F
0-2: Foul Ball, location: 2F
0-2: Ground out 4-3 (Groundball, 4)
Batting: RHB Jesús Vásquez 0-0: Called Strike
0-1: Ball
1-1: Fly out, F2 (Popup, P)
Pinch Hitting: RHB Eldon McGillivour 0-0: Ball
1-0: Ball
2-0: Ball
3-0: Base on Balls
Batting: LHB Magali Lenidas 0-0: Called Strike
0-1: Hit by Pitch
Eldon McGillivour to second
Batting: RHB Miguel Rodríguez 0-0: Ball
1-0: Ball
2-0: Fly out, F4 (Flyball, 34D)
Bottom of the 8th over - 0 run(s), 0 hit(s), 0 error(s), 2 left on base; Hialeah 8 - Sioux Falls 1
TOP OF THE 9TH
Hialeah Dodos batting - Pitching for Sioux Falls Red Pandas : RHP Steve Bryan
Pitching: LHP Jim Unknown
Now at 2B: Eldon McGillivour
Batting: LHB Errol Levick 0-0: Ball
1-0: SINGLE (Flyball, 5D)
Pinch Hitting: RHB Javier Santos 0-0: Swinging Strike
0-1: Swinging Strike
0-2: Ball
1-2: Strikes out looking
Batting: RHB Alexis Smeddon 0-0: Called Strike
0-1: Ball
1-1: Called Strike
1-2: Foul Ball, location: 2F
1-2: Ball
2-2: Foul Ball, location: 2F
2-2: Strikes out swinging
Batting: RHB Diego Bonilla 0-0: Ball
1-0: Called Strike
1-1: Called Strike
1-2: Ground out 4-3 (Groundball, 4MD)
Top of the 9th over - 0 run(s), 1 hit(s), 0 error(s), 1 left on base; Hialeah 8 - Sioux Falls 1
BOTTOM OF THE 9TH
Sioux Falls Red Pandas batting - Pitching for Hialeah Dodos : LHP Jim Unknown
Now at SS: Javier Santos
Batting: SHB Todd Hill 0-0: Ball
1-0: Foul Ball, location: 2F
1-1: Ball
2-1: Ball
3-1: Base on Balls
Batting: LHB Mike Blue 0-0: Swinging Strike
0-1: Ball
1-1: Called Strike
1-2: Foul Ball, location: 2F
1-2: Fly out, F4 (Line Drive, 34)
Batting: LHB Steve Grimes 0-0: Foul Ball, location: 2F
0-1: Ball
1-1: Foul Ball, location: 2F
1-2: Foul Ball, location: 2F
1-2: Ball
2-2: Ball
3-2: SINGLE (Groundball, 34D)
Todd Hill to second
Runner from 2nd tries for 3rd, OUT!
Steve Grimes to second
Now in RF: Steve McLeod
Batting: RHB Jonathan Widdop 0-0: SINGLE (Line Drive, 9S)
Steve Grimes to third
Runner from 3rd tries for Home, SAFE, no throw
Batting: LHB Chris Etheridge 0-0: Ball
1-0: Called Strike
1-1: Called Strike
1-2: Foul Ball, location: 2F
1-2: Ball
2-2: Strikes out looking
Bottom of the 9th over - 1 run(s), 2 hit(s), 0 error(s), 1 left on base; Hialeah 8 - Sioux Falls 2
Friday, December 30th, 2016 - OOTP Baseball 17.12 Build 75